Match 37411965
Unlisted

Match 37411965
End
Construct Infanterie Kompanie
MG 42 Machine Gun Team
Grenadier Squad
Grenadier Squad
Construct Luftwaffe Kompanie
Flak 30 Anti-aircraft Gun Team
Jäger Squad
Construct Panzer Kompanie
Stoßtruppen Squad
R19
嫂子开门我是我哥
皮皮
四仰八叉的猫
mayrc
装甲教导团
柱子你他娘的打歪了
TormundChan
0
0

Comments sign in to comment!

No comments posted yet!